 Dungeon Crawl Stone Soup version 0.29-a0-925-g0a7a3d12f8 (webtiles) character file.

Game seed: 10834374036947072207

131 Newt the Trooper (level 4, -3/40 HPs)
             Began as a Draconian Cinder Acolyte on July 29, 2022.
             Was a High Priest of Ignis.
             Blown up by Ijyb (17 damage)
             ... with a mindburst bolt
             ... on level 3 of the Dungeon.
             The game lasted 00:04:52 (3441 turns).

Newt the Trooper (Draconian Cinder Acolyte)         Turns: 3441, Time: 00:04:53

Health: -3/40      AC: 14    Str: 16    XL:     4   Next: 91%
Magic:  5/5        EV: 11    Int: 15    God:    Ignis [*****.]
Gold:   147        SH:  0    Dex:  8    Spells: 3/5 levels left

rFire   + . .      SeeInvis .   f - +0 dagger (speed)
rCold   . . .      Faith    .   (no shield)
rNeg    . . .      Spirit   .   (body armour unavailable)
rPois   .          Reflect  .   (helmet restricted)
rElec   .          Harm     .   (no cloak)
rCorr   .          Rampage  .   (no gloves)
Will    .....                   b - +1 pair of boots
Stlth   +.........              (no amulet)
HPRegen 0.13/turn               (no ring)
MPRegen 0.09/turn               (no ring)

@: fiery-armoured
A: AC +5, unfitting armour, cold-blooded
a: Renounce Religion, Fiery Armour, Foxfire Swarm, Rising Flame


You were on level 3 of the Dungeon.
You worshipped Ignis.
Ignis was extremely pleased with you.
You visited 1 branch of the dungeon, and saw 3 of its levels.

You collected 147 gold pieces.

Inventory:

Hand Weapons
 a - a -1 falchion of flaming
 f - a +0 dagger of speed (weapon)
Missiles
 d - 3 poisoned darts
Armour
 b - a +1 pair of boots (worn)
Scrolls
 k - a scroll of blinking
 l - a scroll of teleportation
Potions
 c - a potion of lignification {unknown}
 e - a potion of resistance {unknown}
 g - 2 potions of degeneration {unknown}
 h - 2 potions of brilliance {unknown}
 i - 3 potions of curing {unknown}
 j - a potion of heal wounds {unknown}


   Skills:
 + Level 4.0 Fighting
 * Level 2.4(3.3) Short Blades
 - Level 3.3(3.8) Long Blades
 + Level 1.6 Dodging
 + Level 1.0 Spellcasting
 + Level 3.4 Fire Magic


You had 3 spell levels left.
You knew the following spells:

 Your Spells              Type           Power      Damage    Failure   Level
a - Scorch                Fire           22%        2d6       9%          2

Your spell library contained the following spells:

 Spells                   Type           Power      Damage    Failure   Level
 Summon Small Mammal      Summ           0%         N/A       24%         1
 Blink                    Tloc           0%         N/A       36%         2
 Ensorcelled Hibernation  Hex/Ice        0%         N/A       36%         2
 Passwall                 Tmut/Erth      0%         N/A       36%         2
 Call Canine Familiar     Summ           0%         N/A       58%         3
 Lesser Beckoning         Tloc           0%         N/A       58%         3
 Summon Guardian Golem    Hex/Summ       0%         N/A       58%         3
 Swiftness                Air            0%         N/A       58%         3
 Manifold Assault         Tloc           0%         N/A       100%        5


Dungeon Overview and Level Annotations

Branches:
Dungeon (3/15)

Altars:

Annotations:
D:3 Ijyb


Innate Abilities, Weirdness & Mutations

Your plain brown scales are hard. (AC +5)
You cannot fit into any form of body armour.
You are cold-blooded and may be slowed by cold attacks.


Message History

Natasha closely misses you.
You hit Natasha but do no damage.
Natasha is moderately wounded.
Natasha claws you but does no damage.
Natasha is burned by your cloak of flames.
Natasha is moderately wounded.
You hit Natasha.
Natasha is heavily wounded.
Natasha barely misses you.
You hit Natasha but do no damage.
Natasha is heavily wounded.
Natasha barely misses you.
You hit Natasha.
Your tail-slap misses Natasha.
Natasha is severely wounded.
Natasha closely misses you.
You hit Natasha but do no damage.
Natasha is severely wounded.
You hit Natasha.
Natasha is almost dead.
Natasha closely misses you.
You hit Natasha.
Your tail-slap misses Natasha.
Natasha is almost dead.
Natasha misses you.
You hit Natasha but do no damage.
Your tail-slap misses Natasha.
Natasha is almost dead.
Natasha stares at you and mumbles some strange words.
The magic dart hits you!
You hit Natasha but do no damage.
Natasha is almost dead.
Natasha claws you.
Natasha is burned by your cloak of flames.
You kill Natasha!
Natasha screams in pain as she dies!
Your Fighting skill increases to level 4!
You see here the felid corpse of Natasha.
You feel yourself speed up.
Ijyb shouts!
Ijyb zaps a wand.
Your mind is blasted!
Ijyb zaps a wand.
Your mind is blasted!
You die...

#..†<#.#.# #.#.
##...#.#.# #.#.
#.#r#.#.# #.#.
#.#.#.#.# #.#.
##.#h#.#.# #.#.
#....#.#.# #)#.
###5...#.# #######.#.
###.####.# #........)
#..g.@...#**#......>..
##########,,........#.
*,,..........
*,,....##....
***####*#.... #....
#.... ######. #......


You could see Ijyb.

Vanquished Creatures
  Natasha (twice) (D:3)
  2 adders (D:2)
  A worm (D:2)
  2 dart slugs
  4 orcs (D:3)
  6 ball pythons
  5 endoplasms
  3 giant cockroaches
  4 hobgoblins
  3 quokkas
  2 bats
  5 frilled lizards
  5 goblins
  9 kobolds
53 creatures vanquished.

Notes
Turn   | Place    | Note
-------+----------+-------------------------------------------
     0 | D:1      | Newt the Draconian Cinder Acolyte began the quest for the
                  | Orb.
     0 | D:1      | Reached XP level 1. HP: 19/19 MP: 2/2
   334 | D:1      | Reached XP level 2. HP: 13/26 MP: 3/3
   341 | D:1      | Found a faded altar of an unknown god.
  1356 | D:2      | Reached XP level 3. HP: 33/33 MP: 4/4
  1438 | D:2      | Learned a level 2 spell: Scorch
  1943 | D:2      | Reached skill level 1 in Short Blades
  2389 | D:3      | Noticed Natasha
  2397 | D:3      | Killed Natasha
  2398 | D:3      | Reached skill level 1 in Dodging
  2398 | D:3      | Reached XP level 4. HP: 40/40 MP: 2/5
  2530 | D:3      | Noticed Ijyb
  2533 | D:3      | Noticed Natasha
  3429 | D:3      | Killed Natasha
  3430 | D:3      | Reached skill level 4 in Fighting
  3441 | D:3      | Blown up by Ijyb

Illustrated notes

Levels and vault maps discovered:
D:1:      dpeg_arrival_orchard, layout_basic, shapermc_ecumenical_altar_pompeii,
          dreamdust_princess_corridor, serial_bayou_lake_a
D:2:      layout_basic
D:3:      layout_basic, uniq_ijyb, uniq_natasha

Skill      XL: |  1  2  3  4 |
---------------+-------------+-----
Short Blades   | 1 2 |  2.4
Dodging        | 1 |  1.6
Fighting       | 4 |  4.0
Long Blades    | |  3.3
Spellcasting   | |  1.0
Fire Magic     | |  3.4

Action                   |  1- 3 |  4- 6 || total
-------------------------+-------+-------++-------
Melee: Falchion          |    72 |       ||    72
       Tailslap          |    17 |    19 ||    36
       Dagger            |   122 |   162 ||   284
       Punch             |     2 |     1 ||     3
 Cast: Scorch            |     4 |     2 ||     6
Invok: Fiery Armour      |       |     1 ||     1
  Use: Scroll            |     2 |     2 ||     4
Armor: Skin              |    50 |    68 ||   118
Dodge: Dodged            |    78 |    85 ||   163

Table legend: (Time is in decaauts)
 A = Elapsed time spent in this place.
 B = Non-inter-level travel time spent in this place.
 C = Inter-level travel time spent in this place.
 D = Time resting spent in this place.
 E = Time spent auto-exploring this place.
 F = Levels seen in this place.
 G = Mean time per level.
                   A        B        C        D        E       F      G
               +--------+--------+--------+--------+--------+-----+--------+
         Total |   3373 |   3294 |     79 |    700 |   1994 |   3 | 1124.3 |
       Dungeon |   3373 |   3294 |     79 |    700 |   1994 |   3 | 1124.3 |
               +--------+--------+--------+--------+--------+-----+--------+

Top non-repeatable levels by time:
     D:2: 1297 daAuts
     D:1: 1290 daAuts
     D:3: 786 daAuts
